 Dungeon Sprint DCSS version 0.13-a0-2484-gc765b08 (webtiles) character file.

1963 Rycklaryybbe the Imperceptible (level 8, -6/57 HPs)
             Began as a Spriggan Assassin on July 20, 2013.
             Was an Initiate of the Shining One (penitent).
             Mangled by a centaur warrior (9 damage)
             ... in the Dungeon (Sprint I: "Red Sonja").
             The game lasted 00:03:49 (319 turns).

Rycklaryybbe the Imperceptible (Spriggan Assassin)   Turns: 319, Time: 00:03:50

HP  -6/57        AC  3     Str 12      XL: 8   Next: 29%
MP  15/15        EV 17     Int 12      God: *the Shining One
Gold 681         SH  0     Dex 20      Spells:  0 memorised,  7 levels left

Res.Fire  : . . .   See Invis. : +   a - +2 dagger {=f}
Res.Cold  : . . .   Warding    : .   c - +0 robe
Life Prot.: . . .   Conserve   : .   (shield restricted)
Res.Poison: .       Res.Corr.  : .   (helmet restricted)
Res.Elec. : .       Clarity    : .   d - +0 cloak
Sust.Abil.: . .     Spirit.Shd : .   (gloves unavailable)
Res.Mut.  : .       Prev.Telep.: +   (boots unavailable)
Res.Rott. : .       Flight     : .   (no amulet)
Saprovore : . . .                    (no ring)
                                     (no ring)

@: berserking, very quick, somewhat resistant to hostile enchantments, extremely
unstealthy
A: unfitting armour, see invisible, herbivore 3, speed 3, slow metabolism 2
a: Renounce Religion


You were in the Dungeon.
You worshipped the Shining One. the Shining One was demanding penance.
You were not hungry.

You visited 1 branch You collected 631 gold pieces.

Inventory:

Hand weapons
 a - a +2,+2 dagger (weapon) {=f}
 b - a +0 blowgun
 o - a +0,+0 short sword of distortion
Missiles
 e - 8 poisoned needles
 f - 10 curare-tipped needles
Armour
 c - a +0 robe (worn)
 d - a +0 cloak (worn)
Magical devices
 n - a wand of digging (8) {unknown}
Scrolls
 m - a scroll of blinking
Potions
 g - a potion of porridge
 h - 3 potions of curing
 j - a potion of speed
 k - 2 potions of magic


   Skills:
 - Level 1.5 Fighting
 - Level 2.1 Short Blades
 - Level 2.1 Throwing
 - Level 1.5 Dodging
 + Level 24.7 Stealth


You had 7 spell levels left.
You didn't know any spells.

Dungeon Overview and Level Annotations

Branches:
Dungeon (1/1)

Altars:
Fedhas
Kikubaaqudgha
Xom
Zin
the Shining One

Shops:
D: (


Innate Abilities, Weirdness & Mutations

You are tiny and cannot use many weapons and most armour.
You have supernaturally acute eyesight.
You are a herbivore.
You cover ground extremely quickly.
You need consume almost no food.


Message History

The centaur warrior hits you!
* * * LOW HITPOINT WARNING * * *
Drink which item? (? for menu, Esc to quit)
A red film seems to cover your vision as you go berserk!
You feel yourself moving faster!
You feel mighty! The centaur warrior closely misses you.
You puncture the centaur warrior!
The centaur warrior is lightly wounded.
The centaur warrior misses you.
You hit the centaur warrior.
The centaur warrior is lightly wounded.
The centaur warrior closely misses you.
You barely miss the centaur warrior.
The centaur warrior is lightly wounded.
The centaur warrior hits you.
* * * LOW HITPOINT WARNING * * *
You puncture the centaur warrior!
The centaur warrior is heavily wounded.
The centaur warrior hits you!
You die...

#############
#.%'..#.)'..#
'..#.)'..#..+
#####'#####'# ####
####..#...#.####§$#
#_.####..##.#§§§§c#
#.....##'#..'§§§@§+
#_.∩...'..._#§§§§§#
#.....##_.#+##+####
#_._._###'#
#########.## +...+
#.).# ###.###
#.#'#.#


You could see a centaur warrior.

Vanquished Creatures
  A centaur warrior (D)
  Sonja (D)
  An elephant slug (D)
  An ogre (D)
  Sigmund (D)
  Ijyb (D)
  A jelly (D)
  5 ballistomycetes (D)
12 creatures vanquished.

Vanquished Creatures (others)
  2 giant spores (D)
2 creatures vanquished.

Grand Total: 14 creatures vanquished

Notes
Turn   | Place    | Note
--------------------------------------------------------------
     0 | D        | Rycklaryybbe, the Spriggan Assassin, began the quest for the Orb.
     0 | D        | Reached XP level 1. HP: 10/10 MP: 1/1
     2 | D        | Noticed Ijyb
     4 | D        | Killed Ijyb
     4 | D        | Reached skill level 9 in Stealth
     4 | D        | Reached XP level 2. HP: 14/14 MP: 3/3
     6 | D        | Noticed an ogre
     9 | D        | Killed an ogre
     9 | D        | Reached skill level 14 in Stealth
     9 | D        | Reached XP level 3. HP: 18/18 MP: 5/5
     9 | D        | Reached XP level 4. HP: 22/22 MP: 7/7
    11 | D        | Noticed Sigmund
    14 | D        | Killed Sigmund
    14 | D        | Reached skill level 16 in Stealth
    14 | D        | Reached XP level 5. HP: 25/25 MP: 9/9
    41 | D        | Found a shimmering altar of Xom.
    43 | D        | Found a blossoming altar of Fedhas.
    57 | D        | Noticed Sonja
    61 | D        | Killed Sonja
    61 | D        | Reached skill level 20 in Stealth
    61 | D        | Reached XP level 6. HP: 30/30 MP: 11/11
   175 | D        | Reached skill level 21 in Stealth
   175 | D        | Reached XP level 7. HP: 23/34 MP: 13/13
   206 | D        | Found a blossoming altar of Fedhas.
   206 | D        | Found a shimmering altar of Xom.
   206 | D        | Found Teesher's Antique Weapon Emporium.
   206 | D        | Found an ancient bone altar of Kikubaaqudgha.
   206 | D        | Found a glowing silver altar of Zin.
   206 | D        | Noticed an elephant slug
   208 | D        | Killed an elephant slug
   208 | D        | Reached skill level 22 in Stealth
   209 | D        | Found a glowing golden altar of the Shining One.
   285 | D        | Became a worshipper of the Shining One
   302 | D        | Noticed a centaur warrior
   304 | D        | Noticed a centaur warrior
   308 | D        | Killed a centaur warrior
   308 | D        | Reached skill level 24 in Stealth
   308 | D        | Reached XP level 8. HP: 38/38 MP: 15/15
   308 | D        | Was placed under penance by the Shining One
   319 | D        | Mangled by a centaur warrior

Action                   |  1- 3 |  4- 6 |  7- 9 || total
-------------------------+-------+-------+-------++-------
Melee: Dagger            |     2 |    55 |    11 ||    68
 Fire: Blowgun           |       |     1 |       ||     1
  Use: Potion            |       |       |     2 ||     2
 Stab: Sleeping          |     2 |     3 |     2 ||     7
